 Dungeon Crawl Stone Soup version 0.25-a0-992-gca090100c3 (webtiles) character file.

Game seed: 12775409971895013472, levelgen mode: deterministic

3383 Gwenloh the Slicer (level 10, 0/66 HPs)
             Began as a Halfling Warper on May 11, 2020.
             Was a Believer of Okawaru.
             Blown up by Psyche (28 damage)
             ... with a disintegration bolt
             ... on level 9 of the Dungeon.
             The game lasted 00:43:14 (12716 turns).

Gwenloh the Slicer (Halfling Warper)               Turns: 12716, Time: 00:43:15

Health: 0/66       AC: 12    Str: 12    XL:     10   Next: 24%
Magic:  12/12      EV: 17    Int: 14    God:    Okawaru [**....]
Gold:   407        SH:  0    Dex: 15    Spells: 1/12 levels left

rFire    + . .     SeeInvis .   b - +3 hunting sling
rCold    . . .     Gourm    .   (shield restricted)
rNeg     + . .     Faith    .   I - +0 acid dragon scales
rPois    .         Spirit   .   x - +1 helmet
rElec    .         Reflect  .   (no cloak)
rCorr    +         Harm     .   p - +2 pair of gloves
MR       .....                  E - +0 pair of boots
Stlth    +.........             (no amulet)
HPRegen  0.21/turn              o - ring of positive energy
MPRegen  0.13/turn              u - ring of protection from fire

@: no status effects
A: small, mutation resistance 1
a: Heroism, Renounce Religion


You were on level 9 of the Dungeon.
You worshipped Okawaru.
Okawaru was pleased with you.
You were hungry.

You visited 2 branches of the dungeon, and saw 10 of its levels.

You collected 407 gold pieces.

Inventory:

Hand Weapons
 a - a +4 scimitar
 b - a +3 hunting sling (weapon)
 t - a +0 short sword of freezing
 H - a +0 short sword
Missiles
 e - 3 boomerangs of dispersal
 h - 176 stones
 w - 66 sling bullets (quivered)
 y - 13 boomerangs
 A - 16 poisoned darts
Armour
 p - a +2 pair of gloves (worn)
 x - a +1 helmet (worn)
 E - a +0 pair of boots (worn)
 I - +0 acid dragon scales (worn)
Jewellery
 o - a ring of positive energy (left hand)
 u - a ring of protection from fire (right hand)
Wands
 B - a wand of iceblast (10)
 K - a wand of digging (9)
Scrolls
 d - 4 scrolls of blinking
 g - 2 scrolls of teleportation {unknown}
 i - 2 scrolls of immolation
 j - 6 scrolls of remove curse
 k - 3 scrolls of fear
 n - 4 scrolls of enchant weapon
 q - 2 scrolls of fog
 r - a scroll of magic mapping {unknown}
 D - a scroll of enchant armour {unknown}
 G - 2 scrolls of identify
 J - a scroll of vulnerability {unknown}
Potions
 c - 4 potions of curing
 l - a potion of might {unknown}
 m - 5 potions of lignification {unknown}
 s - 3 potions of heal wounds {unknown}
 v - a potion of berserk rage {unknown}
 z - 4 potions of stabbing {unknown}
 C - a potion of brilliance {unknown}
 F - a potion of mutation {unknown}
Comestibles
 f - 16 rations


   Skills:
 + Level 5.1 Fighting
 - Level 9.2 Short Blades
 * Level 0.0(0.8) Slings
 - Level 1.0 Throwing
 - Level 1.2 Armour
 + Level 6.1 Dodging
 - Level 1.6 Spellcasting
 - Level 4.1 Charms
 * Level 8.7 Translocations
 + Level 3.4 Invocations


You had one spell level left.
You knew the following spells:

 Your Spells              Type           Power        Failure   Level  Hunger
a - Blink                 Tloc           N/A          1%          2    ###....
b - Shroud of Golubria    Chrm/Tloc      ###...       4%          2    ###....
c - Gell's Gravitas       Tloc           ####......   3%          3    ####...
d - Passage of Golubria   Tloc           N/A          11%         4    #####..

Your spell library contained the following spells:

 Spells                   Type           Power        Failure   Level  Hunger
 Lesser Beckoning         Tloc           ####......   3%          3    ####...
 Teleport Other           Tloc           ####....     3%          3    ####...


Dungeon Overview and Level Annotations

Branches:
Dungeon (9/15)             Temple (1/1) D:7
   Lair: D:8-11         Orc: D:9-12

Altars:
Ashenzari
Cheibriados
Dithmenos
Elyvilon
Fedhas
Gozag
Hepliaklqana
Kikubaaqudgha
Makhleb
Nemelex Xobeh
Okawaru
Qazlal
Ru
Sif Muna
Trog
Uskayaw
Vehumet
Wu Jian
Xom
Yredelemnul
Zin
The Shining One

Shops:
D:4 }   D:7 *

Annotations:
D:9 Psyche


Innate Abilities, Weirdness & Mutations

You are small and have problems with some larger weapons.
You are somewhat resistant to further mutation.


Message History

Firing (i - inventory. (/) - cycle)
w - 68 sling bullets (quivered)
Press: ? - help, Shift-Dir - straight line, f/p - Psyche
Aim: Psyche, wielding a +3 dagger of chaos, wearing a +0 robe and carrying a wand of disintegration (8) (lightly wounded)
You shoot a sling bullet. The sling bullet hits Psyche.
Psyche is moderately wounded.
Psyche zaps a wand.
You are blasted!
Psyche zaps a wand.
You are blasted!
Firing (i - inventory. (/) - cycle)
w - 67 sling bullets (quivered)
Press: ? - help, Shift-Dir - straight line, f/p - Psyche
Aim: Psyche, wielding a +3 dagger of chaos, wearing a +0 robe and carrying a wand of disintegration (6) (lightly wounded)
You shoot a sling bullet. The sling bullet barely misses Psyche.
Psyche zaps a wand.
You are blasted!
You are too injured to fight recklessly!
You are too injured to fight recklessly!
Firing (i - inventory. (/) - cycle)
w - 66 sling bullets (quivered)
Press: ? - help, Shift-Dir - straight line, f/p - Psyche
Aim: Psyche, wielding a +3 dagger of chaos, wearing a +0 robe and carrying a wand of disintegration (5) (lightly wounded)
Okay, then.
A scorpion comes into view.
Psyche zaps a wand.
You are blasted!
You die...

#..# #..#
#..##########
#............
#............
#.........s..
#............
####............
#.......@.......
#...............
#........##+####
####.....#
#.....# #.....#
##....## #...@.#
###...#


You could see Psyche and a scorpion.

Vanquished Creatures
  Maggie (D:7)
  Grinder (D:4)
  4 hogs
  A human (D:6)
  2 orc warriors
  An ice beast (D:6)
  A centaur (D:7)
  A big kobold (D:8)
  A bullfrog (D:6)
  A water moccasin zombie (D:5)
  3 scorpions
  9 killer bees
  4 wights
  A bullfrog zombie (D:8)
  3 crimson imps
  4 orc priests
  2 hounds (D:4)
  2 orc wizards
  A jelly (D:6)
  A gnoll shaman (D:6)
  A bullfrog skeleton (D:9)
  A centaur skeleton (D:4)
  3 iguanas
  4 worker ants
  2 worker ant zombies
  10 gnolls
  A howler monkey skeleton (D:4)
  6 adders
  A shadow imp (D:5)
  An ooze (D:4)
  An adder skeleton (D:5)
  2 adder zombies (D:4)
  2 worms (D:4)
  2 dart slugs
  5 leopard geckos
  17 orcs
  3 giant cockroaches
  7 goblins
  4 hobgoblins
  6 jackals
  16 kobolds
  3 quokkas
  2 ball pythons
  A ball python zombie (D:4)
  4 bats
  4 frilled lizards
  2 gnoll zombies (D:3)
  A jackal skeleton (D:4)
  A quokka zombie (D:4)
  7 rats
164 creatures vanquished.

Notes
Turn   | Place    | Note
-------+----------+-------------------------------------------
     0 | D:1      | Gwenloh the Halfling Warper began the quest for the Orb.
     0 | D:1      | Reached XP level 1. HP: 14/14 MP: 3/3
   456 | D:1      | Reached XP level 2. HP: 16/19 MP: 4/4
   499 | D:1      | Learned a level 2 spell: Blink
   502 | D:1      | Learned a level 2 spell: Shroud of Golubria
  1486 | D:1      | Reached skill level 3 in Short Blades
  1713 | D:2      | Reached XP level 3. HP: 22/24 MP: 3/5
  2372 | D:2      | Reached skill level 1 in Charms
  2372 | D:2      | Reached XP level 4. HP: 10/29 MP: 2/6
  4088 | D:3      | Reached XP level 5. HP: 34/34 MP: 7/7
  4158 | D:3      | Noticed a black bear
  4274 | D:3      | Learned a level 3 spell: Gell's Gravitas
  4605 | D:3      | Reached skill level 4 in Short Blades
  4756 | D:3      | Found a basalt altar of Yredelemnul.
  4949 | D:4      | Noticed Grinder
  4963 | D:4      | Killed Grinder
  4963 | D:4      | Reached XP level 6. HP: 35/41 MP: 6/8
  5259 | D:4      | Reached skill level 5 in Translocations
  5259 | D:4      | Reached XP level 7. HP: 43/45 MP: 6/9
  5318 | D:4      | Reached skill level 5 in Short Blades
  5642 | D:4      | Found Plog's Gadget Emporium.
  6037 | D:5      | Entered Level 5 of the Dungeon
  6748 | D:5      | Reached XP level 8. HP: 36/52 MP: 7/10
  7169 | D:5      | Found a bloodstained altar of Trog.
  7372 | D:6      | Found a sacrificial altar of Ru.
  7472 | D:6      | Found a sparkling altar of Nemelex Xobeh.
  8005 | D:6      | Reached skill level 6 in Short Blades
  8297 | D:7      | Found Qimuapath's General Store.
  8645 | D:7      | Noticed Maggie
  8899 | D:7      | Found a staircase to the Ecumenical Temple.
  8906 | Temple   | Entered the Ecumenical Temple
  9013 | Temple   | Became a worshipper of Warmaster Okawaru
  9723 | D:7      | Noticed a human
  9723 | D:7      | Noticed a hog
  9723 | D:7      | Noticed a hog
  9723 | D:7      | Noticed a hog
  9762 | D:6      | Killed a hog
  9762 | D:6      | Reached skill level 7 in Short Blades
  9762 | D:6      | Reached XP level 9. HP: 21/58 MP: 7/11
 10430 | D:6      | Reached skill level 5 in Dodging
 10430 | D:6      | Reached skill level 1 in Invocations
 10924 | D:7      | Reached * piety under Okawaru
 11023 | D:7      | Learned a level 4 spell: Passage of Golubria
 11058 | D:7      | Reached skill level 8 in Short Blades
 11226 | D:7      | Killed Maggie
 11226 | D:7      | Reached ** piety under Okawaru
 11976 | D:8      | Reached XP level 10. HP: 65/65 MP: 9/12
 12149 | D:8      | Found a shimmering blue altar of Sif Muna.
 12149 | D:8      | Found a blossoming altar of Fedhas.
 12150 | D:8      | Found a shimmering altar of Xom.
 12169 | D:8      | Reached skill level 9 in Short Blades
 12171 | D:8      | Reached skill level 5 in Fighting
 12521 | D:9      | Found an opulent altar of Gozag.
 12705 | D:9      | Noticed Psyche
 12716 | D:9      | Blown up by Psyche

Illustrated notes

Levels and vault maps discovered:
D:1:      dpeg_arrival_simpleton_c, layout_basic
D:2:      layout_loops_corners, first_ration
D:3:      layout_rooms, lemuel_zombie_altar_yredelemnul
D:4:      layout_gridville, serial_undead, serial_undead_e, serial_undead_d,
          serial_undead_e, serial_undead_d, serial_shops,
          nicolae_shop_temple_entry_statues_fountains, uniq_grinder
D:5:      layout_rooms, lightli_temple_of_fire
D:6:      layout_loops_ring, nemelex_xobeh_ov_fountains_minmay, basic_altar,
          kennysheep_generic_room_12
D:7:      layout_loops_ring, minmay_temple_entry_glassed_door, serial_shops,
          shop, grunt_livestock, uniq_maggie
D:8:      layout_rooms, chequers_temple_overflow_statue_of_worship
D:9:      old_forge, layout_irregular_city, basic_altar, uniq_psyche
Temple:   compressed_dpeg_circular_temple

Skill      XL: |  1  2  3  4  5  6  7  8  9 10 |
---------------+-------------------------------+-----
Short Blades   | 3 4 5 7 8 9 |  9.2
Fighting       | 2 3 4 5 |  5.1
Charms         | 1 2 3 4 |  4.1
Translocations | 4 5 6 8 |  8.7
Dodging        | 3 4 5 6 |  6.1
Invocations    | 2 3 |  3.4
Throwing       | |  1.0
Armour         | |  1.2
Spellcasting   | |  1.6

Action                   |  1- 3 |  4- 6 |  7- 9 | 10-12 || total
-------------------------+-------+-------+-------+-------++-------
Melee: Short sword       |   141 |   143 |   425 |       ||   709
       Scimitar          |       |       |   115 |    56 ||   171
 Fire: Hunting sling     |       |       |       |     3 ||     3
Throw: Stone             |    43 |       |    29 |       ||    72
       Boomerang         |     6 |    86 |   154 |    29 ||   275
 Cast: Shroud of Golubri |     6 |    12 |    40 |     6 ||    64
       Blink             |       |     2 |    11 |       ||    13
       Gell's Gravitas   |       |       |     4 |     2 ||     6
Invok: Heroism           |       |       |       |     1 ||     1
  Use: Scroll            |       |     3 |     2 |       ||     5
       Potion            |       |     1 |       |       ||     1
  Eat: Chunk             |     4 |    11 |    20 |     3 ||    38
       Ration            |       |       |     2 |       ||     2
Armor: Leather armour    |    18 |    35 |    87 |       ||   140
       Acid dragon scale |       |       |    11 |    19 ||    30
Dodge: Dodged            |   116 |   100 |   363 |    87 ||   666
       Rpst.: Scimitar   |       |       |    29 |    34 ||    63

Table legend:
 A = Non-vault XP
 B = Vault XP
 C = Vault XP percentage of total XP
 D = Non-vault monster count
 E = Vault monster count
 F = Vault count percentage of total count
                 A         B        C        D         E       F
            +---------+---------+-------+---------+---------+-------
      Total |    3104 |    1730 |  35.8 |     148 |      16 |   9.8
            +---------+---------+-------+---------+---------+-------
        D:1 |      42 |       0 |   0.0 |      19 |       0 |   0.0
        D:2 |      97 |       0 |   0.0 |      22 |       0 |   0.0
        D:3 |      42 |       2 |   4.5 |      15 |       2 |  11.8
        D:4 |     323 |     345 |  51.6 |      14 |       8 |  36.4
        D:5 |     239 |       0 |   0.0 |      11 |       0 |   0.0
        D:6 |     795 |     394 |  33.1 |      23 |       2 |   8.0
        D:7 |     519 |     989 |  65.6 |      16 |       4 |  20.0
        D:8 |     767 |       0 |   0.0 |      23 |       0 |   0.0
        D:9 |     280 |       0 |   0.0 |       5 |       0 |   0.0
            +---------+---------+-------+---------+---------+-------
